 Dungeon Crawl Stone Soup version 0.30.1 (webtiles) character file.

Game seed: 2432876046460227843

2029 cdecastro the Fighter (level 9, 0/97 HPs)
             Began as a Troll Fighter on July 11, 2023.
             Killed from afar by Maggie (16 damage)
             ... with a bolt of fire
             ... on level 7 of the Dungeon on July 12, 2023.
             The game lasted 00:16:52 (5689 turns).

cdecastro the Fighter (Troll Fighter)               Turns: 5689, Time: 00:16:52

Health: 0/97       AC:  9    Str: 26    XL:     9   Next: 3%
Magic:  8/8        EV:  9    Int:  4    God:
Gold:   342        SH:  8    Dex: 13    Spells: 8/8 levels left

rFire   + . .        a - +2 whip (venom)
rCold   . . .        c - +0 kite shield
rNeg    . . .        b - +0 robe
rPois   .            (helmet restricted)
rElec   .            E - +0 cloak
rCorr   .            (gloves unavailable)
SInv    .            (boots unavailable)
Will    .....        (no amulet)
Stlth   +            m - +4 ring of protection
HPRegen 1.16/turn    v - ring of protection from fire
MPRegen 0.11/turn

%: no passive effects
@: studying Earth Magic
A: large, unfitting armour, claws 3, regeneration 1, shaggy fur 1, tough skin 1
a: no special abilities


You were on level 7 of the Dungeon.
You visited 2 branches of the dungeon, and saw 8 of its levels.

You collected 342 gold pieces.

Inventory:

Hand Weapons
 a - a +2 whip of venom (weapon)
 s - a +0 flail
 y - a +0 giant spiked club
 J - a +1 dagger of venom
Missiles
 l - a throwing net (quivered)
 F - 2 poisoned darts
 H - 4 boomerangs
Armour
 b - a +0 robe (worn)
 c - a +0 kite shield (worn)
 E - a +0 cloak (worn)
Jewellery
 m - a +4 ring of protection (left claw)
 r - a +6 ring of strength
 v - a ring of protection from fire (right claw)
Wands
 p - a wand of iceblast (14)
 q - a wand of mindburst (10)
 G - a wand of polymorph (11)
 I - a wand of light (6)
Scrolls
 e - a scroll of magic mapping {unknown}
 f - 7 scrolls of teleportation {unknown}
 g - a scroll of silence {unknown}
 h - 4 scrolls of identify {unknown}
 k - a scroll of fear {unknown}
 x - a scroll of noise {unknown}
 C - a scroll of blinking {unknown}
 D - a scroll of enchant armour {unknown}
Potions
 d - 2 potions of might
 i - a potion of brilliance {unknown}
 j - a potion of mutation {unknown}
 n - 2 potions of heal wounds {unknown}
 o - 2 potions of lignification {unknown}
 t - 2 potions of degeneration {unknown}
 u - a potion of attraction {unknown}
 w - 2 potions of flight {unknown}
 z - 5 potions of curing {unknown}
 A - 2 potions of haste {unknown}
 B - a potion of ambrosia {unknown}


   Skills:
 * Level 8.5 Fighting
 + Level 6.4 Maces & Flails
 - Level 2.4 Dodging
 - Level 2.6 Shields


You had 8 spell levels left.
You didn't know any spells.
Your spell library contained the following spells:

 Spells                   Type           Power      Damage    Failure   Level
 Beastly Appendage        Tmut           0%         N/A       77%         1
 Blink                    Tloc           0%         N/A       88%         2
 Lesser Beckoning         Tloc           0%         N/A       88%         2
 Momentum Strike          Conj/Tloc      0%         3d8       88%         2
 Wereblood                Tmut           0%         N/A       88%         2
 Spider Form              Tmut/Pois      0%         N/A       98%         3


Dungeon Overview and Level Annotations

Branches:
Dungeon (7/15)             Temple (1/1) D:5

Altars:
Ashenzari
Cheibriados
Dithmenos
Gozag
Hepliaklqana
Kikubaaqudgha
Nemelex Xobeh
Okawaru
Ru
Sif Muna
Uskayaw
Vehumet
Wu Jian
Xom
Yredelemnul
Zin

Annotations:
D:7 Maggie


Innate Abilities, Weirdness & Mutations

You are too large for most types of armour.
You have claws for hands.
Your natural rate of healing is unusually fast.
You are covered in fur. (AC +1)
You have tough skin. (AC +1)


Message History

Unknown command.
You hit something. You hit something. Something hits you!
* * * LOW HITPOINT WARNING * * *
You hit something but do no damage. Something hits you.
* * * LOW HITPOINT WARNING * * *
Something burns you.
* * * LOW HITPOINT WARNING * * *
You closely miss something.
You hear some strange, mumbled words.
A bolt of fire appears from out of thin air!
The bolt of fire hits you. You resist.
* * * LOW HITPOINT WARNING * * *
You hit something but do no damage. Something hits you but does no damage.
You closely miss something.
You hear a zap.
Something tries to affect you, but you resist.
You hit something but do no damage. Something hits you.
* * * LOW HITPOINT WARNING * * *
You barely miss something.
You break out of your daze.
You hear some strange, mumbled words.
You closely miss something. Something hits you.
* * * LOW HITPOINT WARNING * * *
You hit something. Something hits you!
* * * LOW HITPOINT WARNING * * *
Something burns you.
* * * LOW HITPOINT WARNING * * *
You closely miss something.
You hear some strange, mumbled words.
You miss something. Something hits you!
* * * LOW HITPOINT WARNING * * *
Something burns you.
* * * LOW HITPOINT WARNING * * *
You hit something but do no damage. You hit something.
You hear some strange, mumbled words.
A bolt of fire appears from out of thin air!
The bolt of fire hits you! You resist.
You die...

###### ######
#####..... #.....
#....).... #.....
#.###.####
#.....########.#.......
+.....@................
#....{########.#.######
#..... #.#.......
#..... #.########
....... #.# ....
...##.! #.# #### $..
#.. #.# .. ... #.# #.#


There were no monsters in sight!

Vanquished Creatures
  Sigmund (D:2)
  A water moccasin (D:4)
  A black bear (D:6)
  2 ice beasts (D:6)
  2 ogres (D:5)
  2 centaurs (D:4)
  A phantom (D:5)
  3 bullfrogs (D:6)
  4 scorpions
  3 orc priests (D:4)
  2 hounds
  2 sleepcaps
  Crazy Yiuf (D:5)
  4 iguanas
  3 orc wizards
  Robin (D:3)
  9 adders
  4 gnolls
  2 ufetubi (D:5)
  A worm (D:3)
  4 dart slugs
  16 orcs
  10 ball pythons
  6 endoplasms
  5 giant cockroaches
  11 goblins
  9 hobgoblins
  7 kobolds
  10 bats
  9 frilled lizards
  5 rats
141 creatures vanquished.

Notes
Turn   | Place    | Note
-------+----------+-------------------------------------------
     0 | D:1      | cdecastro the Troll Fighter began the quest for the Orb.
     0 | D:1      | Reached XP level 1. HP: 22/22 MP: 0/0
   104 | D:1      | Reached XP level 2. HP: 29/29 MP: 1/1
   459 | D:1      | Reached skill level 3 in Fighting
   650 | D:1      | Reached XP level 3. HP: 37/37 MP: 2/2
  1005 | D:2      | Noticed Sigmund
  1021 | D:2      | Killed Sigmund
  1022 | D:2      | Reached skill level 4 in Fighting
  1022 | D:2      | Reached XP level 4. HP: 49/49 MP: 3/3
  1022 | D:2      | Reached XP level 5. HP: 55/55 MP: 4/4
  1832 | D:3      | Found a faded altar of an unknown god.
  2027 | D:3      | Noticed Robin
  2039 | D:3      | Killed Robin
  2112 | D:3      | Reached XP level 6. HP: 61/65 MP: 5/5
  2646 | D:4      | Reached skill level 5 in Fighting
  2820 | D:4      | Noticed a water moccasin
  2834 | D:4      | Killed a water moccasin
  2869 | D:4      | Reached XP level 7. HP: 71/74 MP: 6/6
  2870 | D:4      | Reached skill level 6 in Fighting
  3252 | D:5      | Entered Level 5 of the Dungeon
  3379 | D:5      | Reached skill level 5 in Maces & Flails
  3406 | D:5      | Reached XP level 8. HP: 84/84 MP: 7/7
  3442 | D:5      | Reached skill level 7 in Fighting
  3592 | D:5      | Found a sparkling altar of Nemelex Xobeh.
  3626 | D:5      | Found a staircase to the Ecumenical Temple.
  3635 | Temple   | Entered the Ecumenical Temple
  4052 | D:5      | Found a runed translucent door.
  4053 | D:5      | Noticed Crazy Yiuf
  4255 | D:5      | Killed Crazy Yiuf
  4330 | D:6      | Noticed a two-headed ogre
  4644 | D:6      | Reached skill level 8 in Fighting
  5147 | D:6      | Reached XP level 9. HP: 79/97 MP: 8/8
  5661 | D:7      | Noticed Maggie
  5672 | D:7      | Paralysed by something for 4 turns
  5689 | D:7      | Killed from afar by Maggie

Illustrated notes

Levels and vault maps discovered:
D:1:      dpeg_arrival_lava_altar, layout_basic, st_stairs_6,
          nicolae_concentric_dashed_squares_mild
D:2:      minmay_evil_eye, layout_basic, uniq_sigmund
D:3:      layout_loops_ring, shapermc_ecumenical_altar_venn, minmay_circle_x,
          uniq_robin
D:4:      layout_gridville, minmay_manual_mares
D:5:      layout_cave_pools, nemelex_diamond_rough_becter,
          minmay_temple_entry_mini_moons, grunt_ministairs_10,
          minmay_misc_feat_columns, uniq_crazy_yiuf_cottage
D:6:      layout_layer_cave
D:7:      layout_basic, uniq_maggie
Temple:   bh_familiar_temple

Skill      XL: |  1  2  3  4  5  6  7  8 |
---------------+-------------------------+-----
Maces & Flails | 2 3 4 5 6 |  6.4
Fighting       | 3 4 5 6 8 |  8.5
Dodging        | |  2.4
Shields        | |  2.6

Action                     |  1- 3 |  4- 6 |  7- 9 || total
---------------------------+-------+-------+-------++-------
  Melee: Unarmed           |    99 |    97 |    84 ||   280
         Dagger            |       |   100 |   209 ||   309
         Whip              |       |       |    16 ||    16
  Evoke: Wand              |       |       |     4 ||     4
   Stab: Sleeping          |       |       |     1 ||     1
 Armour: Robe              |    38 |    87 |   102 ||   227
  Dodge: Dodged            |    33 |    73 |   110 ||   216
  Block: Kite shield       |    37 |    75 |   123 ||   235
